 Dungeon Crawl Stone Soup version 0.29-a0-824-gd827844252 (webtiles) character file.

Game seed: 10178789103266228189

6513 gobodom the Basher (level 10, 0/79 HPs)
             Began as a Demonspawn Fighter on July 9, 2022.
             Was a High Priest of Jiyva.
             Slain by a wolf (2 damage)
             ... led by Grum
             ... on level 1 of the Lair of Beasts.
             The game lasted 00:26:36 (6457 turns).

gobodom the Basher (Demonspawn Fighter)             Turns: 6457, Time: 00:26:37

Health: 0/79       AC:  9    Str: 21    XL:     10   Next: 69%
Magic:  10/10      EV:  8    Int: 11    God:    Jiyva [*****.]
Gold:   269        SH:  0    Dex: 19    Spells: 9/9 levels left

rFire   + + +      SeeInvis .   H - +0 hand axe (flame)
rCold   . . .      Faith    .   (no shield)
rNeg    . . .      Spirit   .   A - +1 plate armour
rPois   .          Reflect  .   (helmet restricted)
rElec   .          Harm     .   (no cloak)
rCorr   +          Rampage  .   (gloves unavailable)
Will    .....      Clarity  +   (no boots)
Stlth   ..........              (no amulet)
HPRegen 1.67/turn               G - +6 ring of dexterity
MPRegen 0.57/turn               s - +4 ring of slaying

@: marked, calling ooze
A: claws 3, powered by pain 2, big brain 1, antennae 1, clarity, fire resistance
3, pseudopods 2, noise suppression
a: Renounce Religion, Oozemancy, Slimify


You were on level 1 of the Lair of Beasts.
You worshipped Jiyva.
Jiyva was extremely pleased with you.
You visited 3 branches of the dungeon, and saw 11 of its levels.

You collected 269 gold pieces.

Inventory:

Hand Weapons
 d - a +7 hammer of protection
 p - the +8 whip of Hubris {venom, Str+4}
   (You found it on level 6 of the Dungeon)

   It poisons the flesh of those it strikes.
   Str:       It affects your strength (+4).
 B - a +4 vorpal falchion
 D - the +3 sling of Ambiguity {venom, rC+ Will+++ Int-4 Dex+2}
   (You found it on level 5 of the Dungeon)

   Any ammunition fired from it poisons the flesh of those it strikes.
   Int:       It affects your intelligence (-4).
   Dex:       It affects your dexterity (+2).
   rC:        It protects you from cold.
   Will:      It greatly increases your willpower.
 H - a +0 hand axe of flaming (weapon)
 I - a +2 hand axe of pain
Missiles
 h - 34 poisoned darts (quivered)
 F - 4 javelins
 J - a curare-tipped dart
Armour
 c - a +0 buckler
 y - a +0 chain mail
 z - +0 steam dragon scales
 A - a +1 plate armour (worn)
Jewellery
 e - a +6 ring of strength
 s - a +4 ring of slaying (right claw)
 E - a +6 ring of intelligence
 G - a +6 ring of dexterity (left claw)
Wands
 r - a wand of flame (34)
 C - a wand of paralysis (20)
Scrolls
 a - 2 scrolls of teleportation {unknown}
 g - 2 scrolls of enchant weapon {unknown}
 i - a scroll of torment {unknown}
 j - a scroll of magic mapping {unknown}
 k - 3 scrolls of enchant armour
 l - 2 scrolls of identify
 o - 2 scrolls of fog {unknown}
 t - a scroll of fear {unknown}
 u - a scroll of blinking {unknown}
Potions
 b - a potion of resistance
 f - 3 potions of attraction {unknown}
 m - 2 potions of brilliance
 n - a potion of curing
 q - 2 potions of mutation
 v - a potion of lignification
 w - a potion of flight {unknown}
 x - 3 potions of degeneration {unknown}
 K - a potion of cancellation {unknown}


   Skills:
 + Level 7.5 Fighting
 + Level 3.9(7.1) Axes
 + Level 9.2(9.6) Maces & Flails
 + Level 2.0 Throwing
 + Level 8.4 Armour
 + Level 2.6 Dodging
 + Level 1.2 Stealth
 + Level 3.6 Shields
 + Level 1.1 Evocations


You had 9 spell levels left.
You didn't know any spells.
Your spell library contained the following spells:

 Spells                   Type           Power      Damage    Failure   Level
 Ensorcelled Hibernation  Hex/Ice        0%         N/A       100%        2
 Spider Form              Tmut/Pois      0%         N/A       100%        3
 Anguish                  Hex/Necr       0%         N/A       100%        4
 Animate Dead             Necr           0%         N/A       100%        4
 Haunt                    Necr/Summ      0%         N/A       100%        7
 Infestation              Necr           0%         N/A       100%        8


Dungeon Overview and Level Annotations

Branches:
Dungeon (9/15)             Temple (1/1) D:5            Lair (1/6) D:9
    Orc: D:9-12

Altars:
Ashenzari
Cheibriados
Dithmenos
Fedhas
Gozag
Hepliaklqana
Kikubaaqudgha
Makhleb
Nemelex Xobeh
Okawaru
Qazlal
Ru
Sif Muna
Trog
Uskayaw
Vehumet
Wu Jian
Xom
Yredelemnul
Jiyva

Shops:
D:7 :

Annotations:
Lair:1 Grum, Sonja


Innate Abilities, Weirdness & Mutations

You have claws for hands.
You sometimes gain power by taking damage.
You have an unusually large brain. (Int +2)
You have a pair of small antennae on your head.
You possess an exceptional clarity of mind.
Your flesh is almost immune to the effects of heat. (rF+++)
Armour fits poorly on your large pseudopods.
You passively dampen the noise of your surroundings.


Message History

You kill the wolf!
The wall burns the wolf!
Your rockslime closely misses the bullfrog.
A water moccasin comes into view.
The walls burn the bullfrog!
The wall burns the cane toad!
A water moccasin comes into view.
The wall burns the yak!
The walls burn something!
You slash the bullfrog! You burn the bullfrog.
Your bludgeon misses the bullfrog.
The bullfrog is almost dead.
You hit the wolf. You burn the wolf. The bullfrog barely misses you.
The walls burn the wolf!
You kill the wolf!
The wall burns the bullfrog!
Sonja, the Graceful Assassin comes into view.
She is wielding a +1 short sword of distortion and quivering curare-tipped darts.
Your rockslime hits the bullfrog!
The bullfrog stumbles backwards!
The bullfrog dies!
The wolf bites you but does no damage.
You feel better.
A bullfrog comes into view.
The wall burns the water moccasin!
The wolf bites you but does no damage.
The walls burn the bullfrog!
The bullfrog barely misses you.
The wall burns the yak!
The walls burn the yak!
The wall burns the yak!
Sonja drinks a potion.
Sonja flickers and vanishes!
The walls burn something!
Something hits you.
* * * LOW HITPOINT WARNING * * *
x2 Your rockslime misses the wolf.
The wall burns the bullfrog!
The wall burns the water moccasin!
The wolf bites you.
* * * LOW HITPOINT WARNING * * *
The walls burn the bullfrog!
The bullfrog hits you.
* * * LOW HITPOINT WARNING * * *
As you read the scroll labelled BIAGGOBLEAPN, it crumbles to dust.
It is a scroll of enchant armour.
Your +0 plate armour glows green for a moment.
The wall burns the wolf!
The walls burn the water moccasin!
The wall burns the yak!
Your rockslime barely misses the wolf.
The walls burn the yak!
The walls burn something!
Something hits you.
* * * LOW HITPOINT WARNING * * *
x2 The walls burn the yak!
The wolf bites you.
You die...

## ###
.#.##..##
........##
........#
#..S....#
####†.h@#
#P....JF##
##.$.F..Y{#
.......YYY#
..$.S..YY.#
[.##.#..FYh..(#
# ###..hY..Y..
#......h..
........Y.


You could see 8 yaks, a cane toad, 2 water moccasins, 3 wolves, 2 bullfrogs and
a friendly rockslime (summoned).

Vanquished Creatures
  A two-headed ogre (D:9)
  Pikel (D:5)
  A troll (D:9)
  A hornet (D:9)
  Sigmund (D:3)
  3 yaks (D:9)
  Eustachio (D:5)
  A steam dragon (D:4)
  2 wargs (D:9)
  3 water moccasins
  2 orc warriors (D:9)
  2 black bears (D:7)
  3 sky beasts
  2 ogres (D:5)
  3 wolves (Lair:1)
  4 kobold brigands
  4 bullfrogs
  A necrophage (D:8)
  A scorpion (D:6)
  11 killer bees (D:9)
  3 howler monkeys (D:7)
  2 hounds
  A gnoll bouda (D:3)
  5 orc priests
  Crazy Yiuf (D:2)
  Jessica (D:3)
  An iguana (D:6)
  14 orc wizards
  4 adders
  4 gnolls (D:3)
  2 white imps
  2 ufetubi
  3 worms
  2 dart slugs (D:2)
  18 orcs
  2 bats
  2 endoplasms (D:1)
  5 giant cockroaches
  10 goblins
  8 hobgoblins
  4 jackals (D:4)
  23 kobolds
  7 ball pythons
  2 frilled lizards
  6 rats
180 creatures vanquished.

Vanquished Creatures (collateral kills)
  A troll (D:9)
  A warg (D:9)
  3 bullfrogs
  An orc (D:9)
6 creatures vanquished.

Vanquished Creatures (others)
  A black bear (D:5)
  A bullfrog (D:8)
  A scorpion (D:6)
  6 jellies
  A hound (D:6)
  An iguana (D:5)
  2 orc wizards (D:8)
  An adder (D:3)
  A worm (D:3)
  An orc (D:8)
  4 endoplasms
  A goblin (D:2)
  A hobgoblin (D:3)
  6 kobolds
  2 quokkas
  A rat (D:1)
  17 fungi
  25 plants
  9 toadstools (D:2)
82 creatures vanquished.

Grand Total: 268 creatures vanquished

Notes
Turn   | Place    | Note
-------+----------+-------------------------------------------
     0 | D:1      | gobodom the Demonspawn Fighter began the quest for the Orb.
     0 | D:1      | Reached XP level 1. HP: 18/18 MP: 1/1
   228 | D:1      | Found a faded altar of an unknown god.
   237 | D:1      | Prayed at the altar of an unknown god.
   237 | D:1      | Became a worshipper of Jiyva Jeohiugh the Shapeless
   237 | D:1      | Reached * piety under Jiyva
   288 | D:1      | Gained mutation: You have sharp fingernails. [demonic
                  | ancestry]
   288 | D:1      | Reached XP level 2. HP: 24/24 MP: 2/2
   586 | D:1      | Reached ** piety under Jiyva
   749 | D:2      | Gained mutation: You have very sharp fingernails. [demonic
                  | ancestry]
   749 | D:2      | Reached XP level 3. HP: 27/29 MP: 3/3
  1039 | D:2      | Found a runed translucent door.
  1040 | D:2      | Noticed Crazy Yiuf
  1319 | D:2      | Killed Crazy Yiuf
  1320 | D:2      | Gained mutation: You sometimes gain a little power by
                  | taking damage. [demonic ancestry]
  1320 | D:2      | Reached XP level 4. HP: 5/35 MP: 4/4
  1566 | D:3      | Reached *** piety under Jiyva
  1590 | D:3      | Noticed Jessica
  1594 | D:3      | Killed Jessica
  1645 | D:3      | Reached skill level 1 in Dodging
  1650 | D:3      | Gained mutation: You have an unusually large brain. (Int
                  | +2) [demonic ancestry]
  1650 | D:3      | Reached XP level 5. HP: 20/42 MP: 5/5
  1652 | D:3      | Noticed Sigmund
  1661 | D:3      | Killed Sigmund
  1662 | D:3      | Reached XP level 6. HP: 40/49 MP: 6/6
  1695 | D:3      | Gained mutation: Armour fits poorly on your pseudopods.
                  | [Jiyva's grace]
  1695 | D:3      | Gained mutation: Armour fits poorly on your large
                  | pseudopods. [Jiyva's grace]
  1695 | D:3      | Gained mutation: Armour fits poorly on your massive
                  | pseudopods. [Jiyva's grace]
  1695 | D:3      | Gained mutation: You possess an exceptional clarity of
                  | mind. [Jiyva's grace]
  2127 | D:3      | Found a basalt altar of Yredelemnul.
  2410 | D:4      | Reached **** piety under Jiyva
  2416 | D:4      | Noticed a steam dragon
  2432 | D:4      | Killed a steam dragon
  2433 | D:4      | Reached skill level 1 in Maces & Flails
  2433 | D:4      | Reached XP level 7. HP: 26/55 MP: 7/7
  2476 | D:4      | Reached skill level 2 in Maces & Flails
  2516 | D:4      | Found a sacrificial altar of Ru.
  2758 | D:5      | Entered Level 5 of the Dungeon
  2805 | D:5      | Noticed Eustachio
  2815 | D:5      | Reached skill level 3 in Maces & Flails
  2822 | D:5      | Killed Eustachio
  2878 | D:5      | Noticed Pikel
  2894 | D:5      | Paralysed by Pikel for 4 turns
  2899 | D:5      | Killed Pikel
  2900 | D:5      | Reached skill level 5 in Fighting
  2900 | D:5      | Reached skill level 5 in Maces & Flails
  2900 | D:5      | Reached skill level 1 in Throwing
  2900 | D:5      | Gained mutation: You have claws for hands. [demonic
                  | ancestry]
  2900 | D:5      | Reached XP level 8. HP: 52/62 MP: 8/8
  3024 | D:5      | Identified the +3 sling of Ambiguity {venom, rC+ Will+++
                  | Int-4 Dex+2}
  3344 | D:5      | Found a staircase to the Ecumenical Temple.
  3449 | D:5      | Found a radiant altar of Vehumet.
  3538 | Temple   | Entered the Ecumenical Temple
  3712 | D:6      | Reached ***** piety under Jiyva
  3743 | D:6      | Gained mutation: You have a pair of small antennae on your
                  | head. [Jiyva's grace]
  3743 | D:6      | Gained mutation: You have a pair of antennae on your head.
                  | [Jiyva's grace]
  3743 | D:6      | Gained mutation: You have a pair of large antennae on your
                  | head. (SInv) [Jiyva's grace]
  3743 | D:6      | Gained mutation: Your translucent skin slightly reduces
                  | your foes' accuracy. (Stealth+) [Jiyva's grace]
  4075 | D:6      | Identified the +8 whip of Hubris {venom, Str+4}
  4463 | D:7      | Reached skill level 5 in Armour
  4463 | D:7      | Reached skill level 1 in Stealth
  4471 | D:7      | Reached skill level 6 in Maces & Flails
  4502 | D:7      | Found Hywuko Taqe's Book Shoppe.
  4557 | D:7      | Gained mutation: You sometimes gain power by taking damage.
                  | [demonic ancestry]
  4557 | D:7      | Reached XP level 9. HP: 69/69 MP: 9/9
  4845 | D:7      | Found a sparkling altar of Nemelex Xobeh.
  5293 | D:8      | Found an iron altar of Okawaru.
  5369 | D:8      | Reached skill level 7 in Maces & Flails
  5785 | D:9      | Reached ****** piety under Jiyva
  5815 | D:9      | Noticed a two-headed ogre
  5825 | D:9      | Found a staircase to the Lair.
  5833 | D:9      | Killed a two-headed ogre
  5834 | D:9      | Reached skill level 8 in Maces & Flails
  5834 | D:9      | Reached XP level 10. HP: 6/77 MP: 10/10
  6070 | D:9      | Reached skill level 1 in Evocations
  6133 | D:9      | Lost mutation: You have a pair of large antennae on your
                  | head. (SInv) [Jiyva's grace]
  6133 | D:9      | Lost mutation: You have a pair of antennae on your head.
                  | [Jiyva's grace]
  6133 | D:9      | Lost mutation: Armour fits poorly on your massive
                  | pseudopods. [Jiyva's grace]
  6133 | D:9      | Lost mutation: Your translucent skin slightly reduces your
                  | foes' accuracy. (Stealth+) [Jiyva's grace]
  6133 | D:9      | Gained mutation: You passively dampen the noise of your
                  | surroundings. [Jiyva's grace]
  6133 | D:9      | Gained mutation: Your flesh is heat resistant. (rF+)
                  | [Jiyva's grace]
  6133 | D:9      | Gained mutation: Your flesh is very heat resistant. (rF++)
                  | [Jiyva's grace]
  6133 | D:9      | Gained mutation: Your flesh is almost immune to the effects
                  | of heat. (rF+++) [Jiyva's grace]
  6139 | D:9      | Found a broken altar of Ashenzari.
  6235 | D:9      | Found a stormy altar of Qazlal.
  6284 | D:9      | Reached skill level 9 in Maces & Flails
  6441 | Lair:1   | Entered Level 1 of the Lair of Beasts
  6441 | Lair:1   | Noticed Grum
  6452 | Lair:1   | Noticed a cane toad
  6452 | Lair:1   | HP: 1/79 [something (7)]
  6455 | Lair:1   | Noticed Sonja
  6457 | Lair:1   | HP: 3/79 [something (2)]
  6457 | Lair:1   | Slain by a wolf

Illustrated notes

Levels and vault maps discovered:
D:1:      minmay_arrival_hallway, layout_loops_ring,
          shapermc_ecumenical_altar_mp_ritualfount
D:2:      cheibrodos_fertilizer, layout_rooms, minmay_quadrilaterals,
          uniq_crazy_yiuf_cottage
D:3:      layout_loops_ring, general_overflow_altar, hangedman_decor_riveting,
          grunt_ministairs_10, uniq_jessica, uniq_sigmund
D:4:      corexii_shack_village, layout_cave_pools,
          nicolae_ru_great_annihilating_truth
D:5:      nicolae_cairo_tiling_very_big, layout_rooms,
          mainiacjoe_overflow_alcove_2, minmay_temple_entry_poolview,
          nicolae_figureground_pulse, uniq_pikel, uniq_eustachio
D:6:      layout_basic, grunt_decor_mini_mirrors
D:7:      layout_rooms, mainiacjoe_overflow_six_doors_small, serial_shops,
          nicolae_diamond_shop, chequers_serial_rivers_marsh
D:8:      layout_basic, mainiacjoe_overflow_24_doors
D:9:      layout_rooms, mainiacjoe_overflow_small_starburst,
          nicolae_qazlal_eye_of_the_storm, nicolae_elyvilon_temple_path,
          erik_lair_orcish_takeover, evilmike_butchery
Temple:   nicolae_temple_ecumenical_triangle
Lair:1:   layout_layer_cave, uniq_sonja, uniq_grum, uniq_urug

Skill      XL: |  1  2  3  4  5  6  7  8  9 10 |
---------------+-------------------------------+-----
Axes           | 2 3 |  3.9
Armour         | 3 4 5 7 8 |  8.4
Shields        | 3 |  3.6
Fighting       | 4 5 6 7 |  7.5
Dodging        | 1 2 |  2.6
Maces & Flails | 1 5 6 8 9 |  9.2
Throwing       | 1 2 |  2.0
Stealth        | 1 |  1.2
Evocations     | 1 |  1.1

Action                   |  1- 3 |  4- 6 |  7- 9 | 10-12 || total
-------------------------+-------+-------+-------+-------++-------
Melee: War axe           |   122 |    11 |       |       ||   133
       Mace              |       |    39 |   139 |       ||   178
       Pseudopods        |       |     3 |    26 |    20 ||    49
       Punch             |       |       |     2 |       ||     2
       Whip              |       |       |    50 |    71 ||   121
       Hand axe          |       |       |       |     3 ||     3
Throw: Dart              |       |       |     7 |       ||     7
Invok: Oozemancy         |       |       |     1 |     2 ||     3
Evoke: Wand              |       |       |     2 |       ||     2
  Use: Potion            |     1 |       |     5 |     1 ||     7
       Scroll            |       |       |     6 |     1 ||     7
 Stab: Paralysed         |       |       |     1 |       ||     1
Armor: Scale mail        |    53 |    18 |       |       ||    71
       Chain mail        |       |     8 |    66 |       ||    74
       Plate armour      |       |       |    14 |    26 ||    40
Dodge: Dodged            |    61 |    42 |    76 |    37 ||   216
Block: Buckler           |    39 |     8 |       |       ||    47

Table legend: (Time is in decaauts)
 A = Elapsed time spent in this place.
 B = Non-inter-level travel time spent in this place.
 C = Inter-level travel time spent in this place.
 D = Time resting spent in this place.
 E = Time spent auto-exploring this place.
 F = Levels seen in this place.
 G = Mean time per level.
                   A        B        C        D        E       F      G
               +--------+--------+--------+--------+--------+-----+--------+
         Total |   6502 |   6077 |    425 |    165 |   4360 |  11 |  591.1 |
       Dungeon |   6444 |   6019 |    425 |    165 |   4342 |   9 |  716.0 |
        Temple |     43 |     43 |      0 |      0 |     18 |   1 |   43.0 |
          Lair |     13 |     13 |      0 |      0 |      0 |   1 |   13.0 |
               +--------+--------+--------+--------+--------+-----+--------+

Top non-repeatable levels by time:
     D:5: 842 daAuts
     D:6: 819 daAuts
     D:2: 799 daAuts
     D:3: 744 daAuts
     D:8: 742 daAuts
     D:1: 732 daAuts
     D:9: 629 daAuts
     D:7: 579 daAuts
     D:4: 555 daAuts
  Temple: 43 daAuts
  Lair:1: 13 daAuts
